Map: Ruins of Endion

Players

Miszu

  • Race: Terran Terran
  • League: Master

Arctur - Winner!

  • Race: Terran Terran
  • League: Master

VOD

Have the link to the VOD?

Description

Time

  • Played on: March 30, 2016, 2:55 p.m.
  • Length: 11:10
Show
View Real Time Build Order
Export as new Build Order

Miszu Terran 

Build Orders: MMM Bio 

Get SALT Encoding   

  12  0:01  SCV  
  13  0:13  SCV  
  14  0:17  Supply Depot  
  14  0:25  SCV  
  15  0:39  SCV  
  16  0:46  Barracks  
  16  0:48  Refinery  
  16  0:51  SCV  
  17  1:03  SCV  
  18  1:16  SCV  
  19  1:32  Orbital Command  
  19  1:33  Barracks Reactor  
  19  1:40  Command Center  
  19  1:47  Supply Depot  
  19  1:58  SCV  
  20  2:10  Marine x2  
  20  2:11  Factory  
  20  2:12  SCV  
  23  2:24  SCV  
  23  2:26  Refinery  
  23  2:28  Marine x2  
  25  2:36  SCV  
  26  2:46  Marine x2  
  26  2:48  SCV  
  29  2:55  Starport, Factory Tech Lab  
  29  3:00  SCV  
  29  3:04  Marine x2  
  32  3:07  Orbital Command  
  33  3:12  SCV  
  33  3:24  SCV  
  34  3:33  SCV  
  35  3:37  Viking, Cyclone, SCV  
  35  3:40  Supply Depot  
  41  3:43  Marine x2  
  41  3:45  SCV  
  44  3:49  SCV  
  45  3:57  SCV  
  45  4:02  SCV  
  47  4:04  Barracks  
  47  4:05  Barracks  
  47  4:07  Supply Depot  
  47  4:09  SCV  
  48  4:11  Medivac  
  48  4:14  SCV  
  51  4:19  Refinery  
  51  4:20  Marine x2  
  51  4:21  SCV  
  54  4:28  Siege Tank, SCV  
  58  4:34  SCV  
  57  4:40  SCV  
  57  4:46  SCV  
  57  4:48  Starport Reactor  
  58  4:52  SCV  
  58  4:54  Engineering Bay  
  58  4:56  Barracks Tech Lab x2  
  58  4:58  SCV  
  60  5:01  Marine x2  
  62  5:16  Stimpack  
  62  5:17  Combat Shields  
  62  5:20  Supply Depot  
  62  5:25  Supply Depot  
  62  5:37  Terran Infantry Weapons Level 1  
  62  5:41  Marine x3  
  62  5:42  Siege Tank, SCV x2  
  70  5:54  Medivac, SCV x2  
  74  6:02  Command Center  
  74  6:03  Supply Depot  
  74  6:05  Supply Depot  
  74  6:06  SCV x2  
  75  6:17  Marine  
  75  6:18  Marauder  
  78  6:22  Refinery  
  78  6:25  Medivac, Siege Tank, SCV x2  
  85  6:27  Supply Depot  
  85  6:36  Supply Depot  
  85  6:37  SCV x2  
  87  6:41  Marine x3  
  87  6:42  Marine  
  90  6:49  SCV x2  
  92  6:54  Supply Depot  
  92  6:59  Marine x3  
  92  7:00  Marine  
  96  7:01  SCV x2  
  84  7:13  SCV x2  
  86  7:17  Marine x4  
  86  7:20  Siege Tank  
  93  7:26  Barracks, SCV  
  93  7:27  Barracks  
  94  7:32  Medivac x2  
  94  7:34  Marine  
  94  7:35  Marine x3, Terran Infantry Armor Level 1  
  102  7:47  Command Center  
  102  7:52  Marine x2, Siege Tank  
  102  7:53  Marine x2, SCV  
  102  7:56  Supply Depot  
  102  7:58  Supply Depot  
  104  8:04  Medivac  
  106  8:05  SCV  
  106  8:06  SCV  
  106  8:10  Marine x3  
  109  8:15  Barracks Reactor  
  109  8:16  Barracks Reactor  
  109  8:17  SCV  
  109  8:18  Factory, SCV  
  109  8:24  Marine  
  107  8:28  Marine x3  
  107  8:30  SCV  
  111  8:37  Medivac, Siege Tank  
  111  8:39  SCV  
  117  8:42  SCV  
  117  8:44  Supply Depot  
  117  8:46  Marine x3  
  122  8:52  Engineering Bay  
  122  8:53  Armory  
  100  9:16  Marine  
  100  9:17  Marine x4  
  93  9:19  Marine  
  93  9:20  Marine x2  
  99  9:34  Marine x5  
  99  9:37  Marine  
  99  9:38  Marine x2  
  107  9:40  Siege Tank  
  100  9:52  Marine x5  
  88  9:55  Marine x3  
  88  9:56  Factory Tech Lab  
  93  10:05  Medivac x2  
  97  10:10  Marine x2, Reaper  
  99  10:21  Marine x5  
  91  10:28  Marine x2  
  94  10:38  Marine  
  94  10:39  Marine x4  
  94  10:42  Marine  
  100  10:46  Marine x2  
Show
View Real Time Build Order
Export as new Build Order

Arctur Terran - Winner!

Build Orders: Reaper Expand, Bio Tank 

Get SALT Encoding   

  12  0:00  SCV  
  13  0:12  SCV  
  14  0:18  Supply Depot  
  14  0:25  SCV  
  15  0:39  SCV  
  15  0:40  Barracks  
  16  0:45  Refinery  
  16  0:51  SCV  
  17  1:04  SCV  
  18  1:16  SCV  
  19  1:28  Reaper, Orbital Command  
  20  1:43  Command Center  
  20  1:53  SCV  
  21  1:55  Supply Depot  
  21  2:00  Marine  
  22  2:07  Factory  
  22  2:11  SCV  
  23  2:18  Refinery, Marine  
  24  2:25  SCV  
  26  2:37  SCV  
  26  2:38  Barracks Reactor  
  26  2:49  SCV  
  29  2:51  Hellion  
  29  2:52  Starport  
  29  2:54  Orbital Command  
  29  3:01  SCV  
  30  3:13  SCV  
  30  3:14  Marine x2, Factory Tech Lab  
  30  3:17  Supply Depot  
  34  3:20  SCV  
  34  3:25  SCV  
  35  3:27  Medivac  
  35  3:32  Marine x2  
  40  3:34  SCV  
  40  3:37  SCV  
  40  3:39  Siege Tank  
  44  3:46  SCV  
  45  3:49  Marine x2  
  45  3:51  SCV  
  45  3:52  Engineering Bay  
  48  3:58  Viking, SCV  
  51  4:03  SCV  
  52  4:10  SCV  
  52  4:11  Refinery  
  52  4:12  Supply Depot  
  52  4:15  SCV  
  54  4:30  Barracks  
  54  4:31  Starport Reactor  
  54  4:32  Barracks  
  54  4:34  SCV x2  
  55  4:43  Marine x2, Siege Tank  
  59  4:46  Terran Infantry Weapons Level 1, SCV x2  
  61  4:54  Supply Depot  
  61  4:58  SCV  
  62  5:02  Supply Depot  
  62  5:15  Marine x2  
  62  5:16  Siege Tank, SCV  
  68  5:23  Medivac  
  68  5:24  Medivac  
  68  5:25  Barracks Tech Lab x2  
  68  5:27  SCV  
  68  5:28  SCV  
  74  5:31  Supply Depot  
  74  5:33  Supply Depot  
  74  5:35  Barracks x2  
  74  5:39  SCV  
  74  5:40  Refinery, SCV  
  76  5:51  SCV, Combat Shields  
  76  5:52  SCV, Stimpack  
  76  5:54  Marine  
  76  5:55  Marine x2  
  81  6:02  Supply Depot  
  81  6:03  Supply Depot  
  81  6:04  Medivac  
  83  6:15  Siege Tank  
  83  6:16  Marine x4  
  88  6:24  Barracks Reactor x2  
  88  6:33  Supply Depot  
  88  6:34  Supply Depot  
  88  6:36  Command Center  
  88  6:38  Marine  
  88  6:39  Marine  
  90  6:40  Marine  
  90  6:46  Marine, Terran Infantry Armor Level 1  
  92  6:47  Siege Tank  
  94  6:56  Marine x2  
  94  6:58  Marine  
  94  7:09  Marine  
  94  7:10  Marine x4  
  94  7:14  Marine  
  100  7:19  Siege Tank  
  103  7:28  Marine x7  
  111  7:32  Marine  
  111  7:34  Medivac x2  
  112  7:39  Armory  
  106  7:46  Marine x4  
  106  7:47  Engineering Bay, Marine x3  
  106  7:50  Marine  
  114  7:51  Siege Tank  
  117  8:04  Marine x4, Medivac x2  
  117  8:05  Marine  
  126  8:09  Marine x2  
  128  8:24  Siege Tank  
  128  8:26  Marine x5  
  136  8:33  Medivac  
  136  8:34  Medivac  
  136  8:37  Orbital Command  
  136  8:38  SCV x2  
  136  8:39  Sensor Tower  
  136  8:40  Marine x3  
  141  8:49  Supply Depot x2, Marine  
  122  9:16  Marine x8  
  117  9:33  Missile Turret  
  117  9:34  Marine x5  
  117  9:35  Missile Turret  
  117  9:36  Missile Turret  
  117  9:37  Missile Turret  
  117  9:38  Sensor Tower  
  121  9:40  Refinery  
  118  9:50  Siege Tank  
  106  9:54  Marine x3  
  109  10:09  Missile Turret  
  109  10:13  Missile Turret  
  105  10:19  Marine  
  105  10:20  Marine x4  
  89  10:23  Marine x3, Siege Tank  
  89  10:26  SCV x2  
  97  10:37  Marine x2  
  97  10:42  Marine x6  
  114  11:07  Factory  
  114  11:08  Barracks  
  114  11:09  Barracks x2  
Tags
 
Add a new tag
Caveats
  • Supply blocks, unpowered buildings, or Contaminate may cause inaccurate times.
  • Supply counts are checked every 10 seconds.